Cogmind - Beta 16 @@@ ROGUE MODE // 2025.10.23 @ 15:50:37 Player: laeb2 Result: Destroyed by P-70 Sage with High-powered Shock Rifle Performance ------------- Evolutions (5) 2500 Regions Visited (7) 1400 Robots Destroyed (76) 380 Value Destroyed (3300) 3300 Prototype IDs (36) 720 Alien Tech Used (2) 400 Bonus (4942) 4942 TOTAL SCORE: 13642 Bonus ------- Registered with UFD 300 Met Optimus in HQ 500 Met Warlord at Base 500 MAIN.C Attacked Warlord 500 Warlord Defense Kills 3436 Friendly Fire -294 Cogmind --------- Core Integrity 0/1000 Matter 253/300 Energy 15/700 System Corruption 13% Temperature Cool (0) Movement Walking (100) Location -5/Warlord Parts ------- > --- POWER (1) -------- (None) > --- PROPULSION (4) --- Enhanced Biometal Leg Improved Diametric Drive Improved Diametric Drive > --- UTILITY (10) ----- Experimental Energy Well Machine Analyzer Experimental Terrain Scan Processor Experimental Targeting Computer Experimental Target Analyzer Recalibrator > --- WEAPON (3) ------- Thermoblaster RU-N14's Throwing Claymores v3 > --- INVENTORY (5) ---- Vortex Chain Reactor Makeshift Ablative Armor Thermoblaster Peak State ------------ > --- POWER ------------ (None) > --- PROPULSION ------- Enhanced Biometal Leg Improved Diametric Drive Improved Diametric Drive > --- UTILITY ---------- Experimental Energy Well Machine Analyzer Experimental Terrain Scan Processor Experimental Targeting Computer Experimental Target Analyzer Makeshift Weapon Shielding Makeshift Ablative Armor Recalibrator > --- WEAPON ----------- Thermoblaster Thermoblaster RU-N14's Throwing Claymores v3 > --- INVENTORY -------- Vortex Chain Reactor Makeshift Ablative Armor RU-N14's Throwing Claymores v3 RU-N14's Throwing Claymores v3 [Rating: 101] Favorites ----------- Power Improved Deuterium Engine Engine Improved Deuterium Engine Power Core Reinforced Fission Core Reactor Light Antimatter Reactor Propulsion Armored Wheel Treads Light Treads Leg Aluminum Leg Wheel Armored Wheel Flight Unit Improved Diametric Drive Utility High-capacity Storage Unit Device Particle Charger Storage High-capacity Storage Unit Processor Core Analyzer Hackware Makeshift Hacking Suite Protection Improved Medium Armor Plating Weapon Grenade Launcher Energy Gun Medium Laser Energy Cannon Advanced Plasma Cannon Ballistic Gun Minigun Ballistic Cannon Gauss Cannon Launcher Grenade Launcher Special Weapon RU-N14's Throwing Claymores v3 Build | -11 -10 -10 -7 -5 -5 -5 -5 ------- Run | Yrd Mat Sub Scr Fac Upp Upp War Slots Evolved 10 | . . . . 10 . . . Power . | . . . . . . . . Propulsion 2 | . . . . 2 . . . Utility 7 | . . . . 7 . . . Weapon 1 | . . . . 1 . . . Parts Attached 79 | 10 10 2 5 19 2 2 29 Power 6 | 1 . . 2 . 1 . 2 Engine 4 | 1 . . 2 . 1 . . Core 1 | . . . . . . . 1 Reactor 1 | . . . . . . . 1 Propulsion 18 | 4 5 . 1 3 . . 5 Treads 5 | 2 . . . 1 . . 2 Leg 6 | 2 3 . . . . . 1 Wheel 5 | . 2 . 1 2 . . . Hover . | . . . . . . . . Flight 2 | . . . . . . . 2 Utility 26 | 2 2 . 2 8 1 1 10 Device 8 | 1 1 . . 3 . . 3 Storage 5 | 1 1 . 2 . . . 1 Processor 6 | . . . . 3 . . 3 Hackware 1 | . . . . 1 . . . Protection 6 | . . . . 1 1 1 3 Artifact . | . . . . . . . . Weapon 29 | 3 3 2 . 8 . 1 12 Energy Gun 4 | 2 . . . . . . 2 Energy Cannon 7 | . . . . 4 . 1 2 Ballistic Gun 3 | 1 . . . 2 . . . Ballistic Cannon 1 | . . . . 1 . . . Launcher 8 | . 3 2 . 1 . . 2 Special Weapon 6 | . . . . . . . 6 Impact Weapon . | . . . . . . . . Slashing Weapon . | . . . . . . . . Piercing Weapon . | . . . . . . . . Special Melee Weapon . | . . . . . . . . Unidentified Prototypes 12 | . . . . . . 1 11 Parts Lost 31 | . 2 5 1 . . . 23 Power 3 | . . 1 1 . . . 1 Propulsion 6 | . . 1 . . . . 5 Utility 14 | . 1 1 . . . . 12 Weapon 8 | . 1 2 . . . . 5 Highest Loss Streak 8 | . 1 4 1 . . . 8 To Critical Strikes . | . . . . . . . . Average Backups 14 | 3 8 9 17 16 19 20 15 Power 1 | . 1 1 1 1 1 1 . Propulsion 1 | 2 2 3 2 1 1 1 . Utility 5 | . 1 1 6 6 7 8 6 Weapon 6 | . 3 4 6 7 8 8 6 Tool/Special . | . . . . . . . . Unused Backups 21 | . 7 1 1 4 . . 8 Power 3 | . 1 . . . . . 2 Propulsion 4 | . 4 . . . . . . Utility 6 | . 1 . . . . . 5 Weapon 7 | . . 1 1 4 . . 1 Tool/Special 1 | . 1 . . . . . . Average Slot Usage (%) 92 | . 99 88 98 84 100 100 81 Engine 8 | . 14 9 13 4 5 5 2 Treads 2 | . . . . 4 5 5 4 Leg 4 | . 27 . . . . . . Wheel 17 | . . 26 27 17 17 17 10 Device 7 | . 13 9 . 10 17 13 8 Storage 14 | . 14 14 27 10 5 5 4 Processor 5 | . . . . 10 16 11 12 Hackware 1 | . . . . 4 5 5 3 Protection 4 | . . . . 2 5 14 13 Energy Gun 1 | . 12 . . . . . . Energy Cannon 5 | . . . . 8 13 14 10 Launcher 13 | . 15 28 28 2 2 1 . Peak Build Rating 101 | 7 12 12 18 68 70 72 101 Average Rating 36 | 5 9 10 15 51 69 70 68 On Entrance 30 | . 7 12 6 14 68 70 70 Avg Prop Armor Cover (%) 5 | . 7 . . 7 5 5 5 Naked Turns . | . . . . . . . . Heaviest Build 110 | 15 22 22 66 92 89 91 110 Greatest Support 46 | 40 24 24 24 46 36 36 36 Greatest Overweight (x) 4 | . 1 1 2 2 2 2 4 Average Overweight (x) 1 | . . . 1 1 2 2 1 Largest Inventory Capacity 20 | 8 10 10 20 20 20 20 20 Average Capacity 16 | 7 9 10 19 20 20 20 16 Most Carried 20 | 7 10 10 20 20 20 20 20 Average Carried 14 | 4 8 9 17 16 19 20 15 Final Capacity 20 | 8 10 10 20 20 20 20 5 Final Carried 20 | 6 10 9 20 18 20 20 4 Class Distribution -------------------- 53% | Mutant 21% | Derelict-Bomber 11% | Bomber 7% | Scavenger-Mutant 3% | Commander-Mutant Dominant Class ---------------- Mutant | -10/Materials Mutant | -10/Subcaves Mutant | -7/Scraptown Bomber | -5/Factory Bomber | -5/Upper Caves Derelict-Bomber | -5/Upper Caves Derelict-Bomber | -5/Warlord Resources | -11 -10 -10 -7 -5 -5 -5 -5 ----------- Run | Yrd Mat Sub Scr Fac Upp Upp War Matter Collected 2189 | 295 238 209 550 578 41 37 241 Remotely . | . . . . . . . . Salvage Created 2131 | 85 594 143 116 695 104 . 394 Parts 116 | 4 39 11 6 25 7 . 24 Haulers Intercepted 2 | . 2 . . . . . . Recyclers Shooed 4 | 1 3 . . . . . . Parts Field Recycled . | . . . . . . . . Retrieved Matter . | . . . . . . . . Parts Self-Destructed 6 | . . 2 . . 4 . . Prevented 3 | . . . . . 1 2 . Parts Restored . | . . . . . . . . Kills | -11 -10 -10 -7 -5 -5 -5 -5 ------- Run | Yrd Mat Sub Scr Fac Upp Upp War Combat Hostiles Destroyed 63 | . 12 8 2 11 4 . 26 Guns 11 | . 4 . . 4 . . 3 Cannons 4 | . . . . 1 . . 3 AOE 46 | . 8 8 2 5 4 . 19 Classes Destroyed 21 | 2 5 2 2 1 . . 9 Builder 2 | . 2 . . . . . . Tunneler 1 | 1 . . . . . . . Hauler 2 | . 2 . . . . . . Recycler 3 | 1 2 . . . . . . Operator 2 | . 2 . . . . . . Turret 2 | . . 2 . . . . . Swarmer 12 | . 3 3 . . 4 . 2 Saboteur 2 | . . . . . . . 2 Grunt 23 | . 9 . . 9 . . 5 Brawler 1 | . . . . . . . 1 Protector 1 | . . . . . . . 1 Sentry 2 | . . . . 2 . . . Demolisher 1 | . . . . . . . 1 Hunter 2 | . . . . . . . 2 Programmer 8 | . . . . . . . 8 Striker 2 | . . . . . . . 2 Executioner 2 | . . . . . . . 2 Subdweller 5 | . . 5 . . . . . Guru 1 | . . . 1 . . . . Scrapper 1 | . . . 1 . . . . Mutant 1 | . . . . . . . 1 Best Kill Streak 11 | 2 4 3 2 5 4 . 11 Combat Bots Only 11 | . 3 3 2 5 4 . 11 Max Kills in Single Turn 6 | 1 3 2 2 3 2 . 6 Gunslinging . | . . . . . . . . Exploded 6 | . 3 2 2 3 2 . 6 Melee . | . . . . . . . . Uniques/NPCs Destroyed . | . . . . . . . . Combat | -11 -10 -10 -7 -5 -5 -5 -5 -------- Run | Yrd Mat Sub Scr Fac Upp Upp War Hostile Shots Fired 350 | . 46 67 3 47 9 . 178 Missed 134 | . 18 31 1 24 6 . 54 Hits 216 | . 28 36 2 23 3 . 124 Melee 12 | . . . 1 . . . 11 Projectile 204 | . 28 36 1 23 3 . 113 AOE 24 | . . . . . . . 24 Critical Strikes 14 | . . 1 1 3 . . 9 Actively Blocked 2 | . . . . . . . 2 Damage Taken 6306 | . 425 426 160 546 41 . 4708 Core 1144 | . 46 57 40 75 . . 926 Absorbed by Shields 48 | . . . . . . . 48 Redirected to Shielding 75 | . . . . . . . 75 Regen/Repaired (Parts) 542 | . . . 427 . . . 115 Core Remaining (%) 71 | 100 . . 42 . . . . Volleys Fired 147 | 5 49 19 7 22 6 1 38 Largest 3 | 2 2 2 2 3 1 1 3 Hottest 294 | 70 100 60 60 294 98 98 246 Shots Fired 259 | 10 78 35 8 56 6 1 65 Gun 109 | 10 58 . . 30 . . 11 Cannon 56 | . . . . 18 2 1 35 Launcher 76 | . 20 35 8 8 4 . 1 Special 18 | . . . . . . . 18 Kinetic 46 | 5 . . . 41 . . . Thermal 92 | 5 58 . . 7 2 1 19 Explosive 81 | . 20 35 8 . . . 18 Electromagnetic 13 | . . . . 8 4 . 1 Entropic 27 | . . . . . . . 27 Robot Hit Streak 18 | 1 6 14 16 18 . . 8 Robot Miss Streak 5 | 2 5 1 . 2 . . 3 Penetration Max 1 | . . . . 1 . . . Secondary Targets . | . . . . . . . . Shots Hit Robots 136 | 4 39 21 2 38 . . 32 Core Hits 140 | 3 37 17 5 27 6 . 45 Critical Kills 1 | . . . . . . . 1 Critical Parts Destroyed 1 | . . . . . . . 1 Critical Strikes 8 | . 1 . . 1 . . 6 Burn 1 | . 1 . . . . . . Meltdown 1 | . . . . . . . 1 Blast 1 | . . . . 1 . . . Sever 1 | . . . . . . . 1 Detonate 1 | . . . . . . . 1 Sunder 3 | . . . . . . . 3 Melee Attacks . | . . . . . . . . Impact . | . . . . . . . . Slashing . | . . . . . . . . Piercing . | . . . . . . . . Sneak Attacks . | . . . . . . . . Combat Hostiles . | . . . . . . . . Follow-up Attacks . | . . . . . . . . Damage Inflicted 10741 | 45 1220 1252 87 1734 185 . 6218 Guns 1291 | 45 461 . . 388 . . 397 Cannons 1303 | . . . . 462 . . 841 Explosions 7619 | . 750 1252 87 862 185 . 4483 Melee . | . . . . . . . . Ramming 31 | . 9 . . 22 . . . Kinetic 666 | 7 . . . 659 . . . Thermal 1614 | 38 461 . . 557 94 . 464 Explosive 6495 | . 750 1252 87 . . . 4406 Electromagnetic 587 | . . . . 496 91 . . Impact . | . . . . . . . . Slashing 497 | . . . . . . . 497 Piercing . | . . . . . . . . Entropic 851 | . . . . . . . 851 Highest Corruption 12 | . 2 2 . . . . 12 Average Corruption 4 | . 2 2 . . . . 9 Corruption Purged . | . . . . . . . . Corruption Blocked . | . . . . . . . . Effects 23 | . 5 5 . . . . 13 Message Errors 5 | . 1 . . . . . 4 Matter Fused 5 | . 1 1 . . . . 3 Heat Flow Errors 5 | . . 2 . . . . 3 Energy Discharges 4 | . 1 2 . . . . 1 Data Loss (major) 4 | . 2 . . . . . 2 Overload Shots . | . . . . . . . . Overflow Damage 280 | . . 22 . . . . 258 Projectiles 180 | . . . . . . . 180 Explosions 100 | . . 22 . . . . 78 Melee . | . . . . . . . . Knockbacks 5 | . . . . 5 . . . Impact . | . . . . . . . . Kinetic 5 | . . . . 5 . . . Secondary . | . . . . . . . . Self-Inflicted Damage 312 | . 76 43 109 84 . . . Shots 12 | . 3 4 3 2 . . . Rammed 2 | . . . . 2 . . . Targets Rammed 4 | . 2 . . 2 . . . Kicked 2 | . 2 . . . . . . Crushed . | . . . . . . . . Highest Temperature 482 | 40 293 265 27 252 2 14 482 Average Temperature 108 | 18 121 127 19 52 1 10 149 Received Heat Transfer 719 | . 192 168 37 198 . . 124 Effects 2 | . 2 . . . . . . Energy Bleed 2 | . 2 . . . . . . Siege Activations . | . . . . . . . . Martial Activations . | . . . . . . . . Shielding Activations . | . . . . . . . . Robots Disrupted . | . . . . . . . . Combat Hostiles . | . . . . . . . . Robots Corrupted 1 | . . . . 1 . . . Combat Hostiles 1 | . . . . 1 . . . Parts Fried 3 | . . . . 3 . . . Impact Corruptions . | . . . . . . . . Robots Melted 1 | . . . . . . . 1 Combat Hostiles 1 | . . . . . . . 1 Parts Melted 4 | . 2 . 2 . . . . Heat Transferred 2754 | 111 1443 . . 500 100 . 600 Parts Sabotaged . | . . . . . . . . Parts Stolen . | . . . . . . . . Parts Stripped . | . . . . . . . . Power Chain Reactions 3 | . . . . 2 1 . . Alert | -11 -10 -10 -7 -5 -5 -5 -5 ------- Run | Yrd Mat Sub Scr Fac Upp Upp War Maximum Alert Level 1 | . . . . 1 . . . Low Security (%) 93 | 100 100 . . 76 . . . Level 1 6 | . . . . 23 . . . Level 2 . | . . . . . . . . Level 3 . | . . . . . . . . Level 4 . | . . . . . . . . Level 5 . | . . . . . . . . High Security . | . . . . . . . . Max Security . | . . . . . . . . Peak Influence 281 | 5 140 . . 281 . . . Initial . | . . . . . . . . Average 76 | . 65 . . 132 . . . Influence Increases 1792 | 10 481 265 . 381 90 . 565 Destroy 0b10 Robot/C 1140 | . 240 100 . 220 80 . 500 Destroy 0b10 Robot/NC 55 | 10 40 . . . . . 5 Destroy Leader 94 | . 44 . . 40 10 . . Successful Hack 38 | . 26 . . 12 . . . Disable Machine 75 | . 30 . . 45 . . . Destroy Structure 150 | . 86 . . 64 . . . Partial Spotted 15 | . 15 . . . . . . Lose Combat Pursuer 225 | . . 165 . . . . 60 Influence Decreases 1692 | 10 355 292 99 140 296 35 465 Entered New Map 259 | . . 62 99 . 90 8 . Time Decay 1056 | 10 335 180 . 140 206 27 158 Lost Part 290 | . 20 50 . . . . 220 Lost Ally 87 | . . . . . . . 87 Squads Dispatched 2 | . 1 . . 1 . . . Investigation 1 | . 1 . . . . . . Extermination . | . . . . . . . . Reinforcement 1 | . . . . 1 . . . Assault . | . . . . . . . . Garrison . | . . . . . . . . Intercept . | . . . . . . . . Searches Triggered . | . . . . . . . . Construction Impeded 1 | . . . . 1 . . . Haulers Reinforced . | . . . . . . . . Active Scanning Responses . | . . . . . . . . Cargo Convoy Interrupts . | . . . . . . . . Stealth | -11 -10 -10 -7 -5 -5 -5 -5 --------- Run | Yrd Mat Sub Scr Fac Upp Upp War Distress Signals 6 | . 4 . . . . . 2 Communications Jammed . | . . . . . . . . Distress Signals . | . . . . . . . . Times Spotted 91 | . 18 13 6 15 2 . 37 Peak Tracking Total 9 | . 4 6 3 5 4 . 9 Tactical Retreats 7 | . . 3 1 . . . 3 Traps | -11 -10 -10 -7 -5 -5 -5 -5 ------- Run | Yrd Mat Sub Scr Fac Upp Upp War Traps Triggered 2 | . 2 . . . . . . Indirectly . | . . . . . . . . Trap Hack Attempts . | . . . . . . . . Triggered . | . . . . . . . . Disarmed . | . . . . . . . . Reprogrammed . | . . . . . . . . Reused . | . . . . . . . . Traps Extracted . | . . . . . . . . Installed . | . . . . . . . . Triggered . | . . . . . . . . Machines | -11 -10 -10 -7 -5 -5 -5 -5 ---------- Run | Yrd Mat Sub Scr Fac Upp Upp War Machines Disabled 12 | . 3 2 . 3 1 1 2 Max in Single Turn 2 | . 1 1 . 2 1 1 1 Machines Repaired . | . . . . . . . . Machines Dismantled . | . . . . . . . . Machines Sabotaged . | . . . . . . . . Overloaded Fab Kills . | . . . . . . . . Hacking | -11 -10 -10 -7 -5 -5 -5 -5 --------- Run | Yrd Mat Sub Scr Fac Upp Upp War Machines Accessed 23 | . 6 . 7 1 3 . 6 Terminals 7 | . 6 . . 1 . . . Fabricators . | . . . . . . . . Repair Stations . | . . . . . . . . Recycling Units . | . . . . . . . . Scanalyzers . | . . . . . . . . Garrison Access . | . . . . . . . . Total Hacks 84 | . 19 . 40 2 6 . 17 Successful 76 | . 12 . 40 1 6 . 17 Failed 8 | . 7 . . 1 . . . Catastrophic 1 | . 1 . . . . . . Database Lockouts . | . . . . . . . . Manual 14 | . 10 . . 2 . 1 1 Terminals 21 | . 19 . . 2 . . . Fabricators . | . . . . . . . . Repair Stations . | . . . . . . . . Recycling Units . | . . . . . . . . Scanalyzers . | . . . . . . . . Garrison Access . | . . . . . . . . Terminal Hacks 68 | . 5 . 40 . 6 . 17 Record 54 | . . . 39 . 5 . 10 Prototype ID Bank 6 | . . . . . . . 6 Open Door 2 | . . . . . 1 . 1 Terminal Index 1 | . 1 . . . . . . Locate Traps 1 | . 1 . . . . . . Registered Components 1 | . 1 . . . . . . Zone Layout 2 | . 2 . . . . . . Proto ID Catalog 1 | . . . 1 . . . . Fabricator Hacks . | . . . . . . . . Repair Station Hacks . | . . . . . . . . Recycling Unit Hacks . | . . . . . . . . Scanalyzer . | . . . . . . . . Garrison Access Hacks . | . . . . . . . . Unauthorized Hacks 8 | . 7 . . 1 . . . Terminals 8 | . 7 . . 1 . . . Track 2 | . 2 . . . . . . Botnet 6 | . 5 . . 1 . . . Fabricators . | . . . . . . . . Repair Stations . | . . . . . . . . Recycling Units . | . . . . . . . . Scanalyzers . | . . . . . . . . Garrison Access . | . . . . . . . . Data Cores Recovered 2 | . 2 . . . . . . Used 1 | . 1 . . . . . . Hacking Detections 5 | . 4 . . 1 . . . Full Trace Events 1 | . 1 . . . . . . Feedback Events . | . . . . . . . . Feedback Blocked . | . . . . . . . . Robot Schematics Acquired . | . . . . . . . . Robots Built . | . . . . . . . . Authchips . | . . . . . . . . Time . | . . . . . . . . Total Robot Build Rating . | . . . . . . . . Part Schematics Acquired . | . . . . . . . . Parts Built . | . . . . . . . . Authchips . | . . . . . . . . Time . | . . . . . . . . Total Part Build Rating . | . . . . . . . . Part Studies Acquired . | . . . . . . . . Parts Repaired . | . . . . . . . . Time . | . . . . . . . . Parts Recycled . | . . . . . . . . Recycled Matter . | . . . . . . . . Retrieved Matter . | . . . . . . . . Retrieved Components . | . . . . . . . . Parts Scanalyzed . | . . . . . . . . Part Schematics Acquired . | . . . . . . . . Parts Damaged . | . . . . . . . . Bothacking | -11 -10 -10 -7 -5 -5 -5 -5 ------------ Run | Yrd Mat Sub Scr Fac Upp Upp War Used RIF Installer . | . . . . . . . . Robots Hacked . | . . . . . . . . Non-combat . | . . . . . . . . Combat . | . . . . . . . . Robot Hacks Applied . | . . . . . . . . Relay Couplers Released . | . . . . . . . . Fabnet Peak Effective % . | . . . . . . . . Robots Rewired 5 | . . . . . . . 5 Allies Hacked . | . . . . . . . . Hacks Repelled . | . . . . . . . . Allies | -11 -10 -10 -7 -5 -5 -5 -5 -------- Run | Yrd Mat Sub Scr Fac Upp Upp War Total Allies 5 | . . . . . . . 5 Largest Group 5 | . . . . . . . 5 Highest-Rated Group 248 | . . . . . . . 248 Highest-Rated Ally 64 | . . . . . . . 64 Total Orders . | . . . . . . . . Ally Attacks 8 | . . . . . . . 8 Total Damage 110 | . . . . . . . 110 Kills . | . . . . . . . . Allies Corrupted . | . . . . . . . . Allies Melted . | . . . . . . . . Intel | -11 -10 -10 -7 -5 -5 -5 -5 ------- Run | Yrd Mat Sub Scr Fac Upp Upp War Active Infowar (turns) 2611 | 24 149 . . 339 434 251 1414 Structural 1051 | . . . . 339 434 105 173 Seismic 173 | 24 149 . . . . . . Machine Analysis 2155 | . . . . 56 434 251 1414 Robot Analysis Total . | . . . . . . . . Derelict Logs Recovered . | . . . . . . . . Drone Launches . | . . . . . . . . Drone Recoveries . | . . . . . . . . Exploration | -11 -10 -10 -7 -5 -5 -5 -5 ------------- Run | Yrd Mat Sub Scr Fac Upp Upp War Turns Passed 5445 | 145 793 366 1700 342 434 251 1414 Spaces Moved 3675 | 87 403 317 1126 192 317 199 1034 Core 168 | 19 . . . . . . 149 Treads 59 | 35 . . . . . . 24 Legs 572 | 33 376 . . . . . 163 Wheels 2873 | . 27 317 1126 192 317 199 695 Hover . | . . . . . . . . Flight 3 | . . . . . . . 3 Fastest Speed 27 | 50 90 90 90 102 120 120 27 Average Speed 118 | 120 148 92 117 112 120 120 115 Slowest Speed 330 | 160 190 105 120 120 120 120 330 Overloaded Moves . | . . . . . . . . Propulsion Burnouts . | . . . . . . . . Robots Hopped . | . . . . . . . . Potential Cave-ins 5 | . . . . . . . 5 Cave-ins Triggered 1 | . . . . . . . 1 Exploration Rate (%) 41 | 5 63 22 63 5 51 41 85 Regions Visited 7 Branch Regions 5 Pre-discovered Areas 3 | . . . 3 . . . . Known Exits Taken 2 | . . . . . 1 1 . Unknown Exits Taken 5 | 1 1 1 1 1 . . . Scrap Searched 13 | . . 2 9 . 1 1 . Spaces Dug 50 | . . . 19 1 1 . 29 Terrain Destroyed 457 | . 107 100 61 36 1 . 152 Melee . | . . . . . . . . Projectile 25 | . . . . 5 1 . 19 AOE 432 | . 107 100 61 31 . . 133 Terrain Rammed . | . . . . . . . . Walls Destroyed . | . . . . . . . . Machines Disabled . | . . . . . . . . Actions | -11 -10 -10 -7 -5 -5 -5 -5 --------- Run | Yrd Mat Sub Scr Fac Upp Upp War Total 4537 | 118 522 356 1493 277 364 208 1199 Wait 470 | . 20 14 340 16 34 6 40 Move 3668 | 86 402 316 1125 191 316 198 1034 Hop . | . . . . . . . . Pick Up 85 | 15 18 3 14 16 3 . 16 Fast Attach 18 | . 2 . 2 . 1 1 12 Attach 50 | 9 3 2 2 14 1 . 19 Detach 7 | . . . . 2 . . 5 Swap 29 | 1 11 . 1 7 1 2 6 Drop 45 | 2 15 2 2 7 2 . 15 Fire 147 | 5 49 19 7 22 6 1 38 Melee . | . . . . . . . . Ram 2 | . . . . 2 . . . Kick 2 | . 2 . . . . . . Crush . | . . . . . . . . Escape Stasis . | . . . . . . . . Rewire 14 | . . . . . . . 14 Trap . | . . . . . . . . Miscellaneous . | . . . . . . . . Route ------- -11/Scrapyard -10/Materials (discovered 5 exits: [*Mat x2] / [*Min x2] / [*Sub]) -10/Subcaves (discovered 2 exits: [*Rec] / *Scr) -7/Scraptown -5/Factory (discovered 3 exits: Fac x2 / *Upp) -5/Upper Caves -5/Upper Caves (discovered 2 exits: Fac / *War) -5/Warlord (discovered 1 exit: Pro) History --------- Turn | Location | Event 15 | -11/Scrapyard | Discovered new exit (range 15) 146 | -11/Scrapyard | Entered Materials 308 | -10/Materials | Build established: Mutant 329 | -10/Materials | Discovered new exit (range 15) 751 | -10/Materials | Discovered new exit (range 6) 781 | -10/Materials | Discovered new exit (range 13) 824 | -10/Materials | Build established: Scavenger-Mutant 834 | -10/Materials | Discovered new exit (range 5) 926 | -10/Materials | Discovered new exit (range 11) 939 | -10/Materials | Entered Subcaves 940 | -10/Subcaves | Approached by a straggling Scientist 1046 | -10/Subcaves | Discovered new exit (range 16) 1181 | -10/Subcaves | Scientist uncovered a shortcut to Scraptown 1204 | -10/Subcaves | Build established: Mutant 1221 | -10/Subcaves | Lost 4 parts (1p1u2w) 1305 | -10/Subcaves | Entered Scraptown 1305 | -7/Scraptown | System corruption cleaned by C-Scrubber 1421 | -7/Scraptown | Heard Great Nut preacher, LISTEN AND RECITE! 1481 | -7/Scraptown | Visited Shadow of the Wyrm 1497 | -7/Scraptown | Visited CR-KLE's Repair Center 1506 | -7/Scraptown | CR-KLE repaired 5 parts 1527 | -7/Scraptown | Visited Bundlers 1621 | -7/Scraptown | Visited Comm Corps 1673 | -7/Scraptown | Visited Cyclists 1702 | -7/Scraptown | Visited CPS Storage 1714 | -7/Scraptown | Visited TADAMA 1754 | -7/Scraptown | Visited UFD Registry 1754 | -7/Scraptown | Registered with UFD as "Chainbank" 1817 | -7/Scraptown | Entered Cyclist Reading Room 1981 | -7/Scraptown | Visited Infowarlord's Domain 2009 | -7/Scraptown | Visited Scrapoid Pod Storage 2132 | -7/Scraptown | Visited Science Guys 2195 | -7/Scraptown | Visited Supply Room 2216 | -7/Scraptown | Visited Abandonware Association 2228 | -7/Scraptown | Learned abandonware demo "REVENGE.EXE" 2228 | -7/Scraptown | Learned abandonware demo "TRNCOAT.EXE" 2248 | -7/Scraptown | Visited Cartography Club 2327 | -7/Scraptown | Found Exp. Terrain Scan Processor 2380 | -7/Scraptown | Visited Curators Association 2422 | -7/Scraptown | Visited Chapter 10 2467 | -7/Scraptown | Visited Scrapoid Research Area 2532 | -7/Scraptown | Met Optimus 2532 | -7/Scraptown | Accepted into 0bPrime 2932 | -7/Scraptown | Civil war broke out across Scraptown 2940 | -7/Scraptown | Learned location of Zion (-7) 2940 | -7/Scraptown | Learned location of Hub_04(d) (-4) 2940 | -7/Scraptown | Learned location of Testing (-2) 2940 | -7/Scraptown | Learned 16 Factory zone layouts 2940 | -7/Scraptown | Learned 12 Research zone layouts 2940 | -7/Scraptown | Learned 8 Access zone layouts 2940 | -7/Scraptown | Learned 4 Mines zone layouts 2940 | -7/Scraptown | Learned 4 Recycling zone layouts 2940 | -7/Scraptown | Learned 8 Upper Caves zone layouts 2940 | -7/Scraptown | Learned 12 Upper Caves zone layouts 2940 | -7/Scraptown | Learned 16 Upper Caves zone layouts 2940 | -7/Scraptown | Learned 12 Proximity Caves zone layouts 2940 | -7/Scraptown | Learned 4 Armory zone layouts 2940 | -7/Scraptown | Learned location of 2 exits from Research 2940 | -7/Scraptown | Learned location of 2 exits from Upper Caves 2940 | -7/Scraptown | Learned location of 3 exits from Upper Caves 2944 | -7/Scraptown | Found Deep Structural Scanner 2955 | -7/Scraptown | Core integrity fell below 50% 2989 | -7/Scraptown | Discovered new exit (range 11) 3005 | -7/Scraptown | Entered Factory 3005 | -5/Factory | Evolved 10 slots: Propulsion x2, Utility x7, Weapon x1 3006 | -5/Factory | Identified exit to Factory 3018 | -5/Factory | Lost 9 allies 3217 | -5/Factory | Discovered new exit (range 8) 3347 | -5/Factory | Entered Upper Caves 3348 | -5/Upper Caves | Identified exit to Upper Caves 3434 | -5/Upper Caves | Build established: Bomber 3460 | -5/Upper Caves | Found Alien Artifact 3636 | -5/Upper Caves | Found Alien Artifact 3702 | -5/Upper Caves | Entered an active Warlord outpost 3716 | -5/Upper Caves | Learned 8 Factory zone layouts 3716 | -5/Upper Caves | Learned Research terminal intel 3781 | -5/Upper Caves | Entered another Upper Caves area 3782 | -5/Upper Caves | Identified exit to Warlord 3798 | -5/Upper Caves | Encountered a Warlord checkpoint 3886 | -5/Upper Caves | Identified Dimensional Node Initializer 3886 | -5/Upper Caves | Initialized slip node 3999 | -5/Upper Caves | Acquired the password to a Derelict Tinkerer's latest research 4032 | -5/Upper Caves | Entered Warlord 4033 | -5/Warlord | Identified exit to Proximity Caves 4042 | -5/Warlord | Build established: Derelict-Bomber 4368 | -5/Warlord | Visited the Vortex Lab 4384 | -5/Warlord | Warlord's base attacked by MAIN.C 4396 | -5/Warlord | Found Prototype Energy Cannon 4398 | -5/Warlord | Found Prototype Energy Cannon 4402 | -5/Warlord | Found Prototype Energy Gun 4405 | -5/Warlord | Found Prototype Energy Gun 4494 | -5/Warlord | Learned Research stockpile data 4494 | -5/Warlord | Learned Quarantine stockpile data 4496 | -5/Warlord | Learned 4 Testing zone layouts 4496 | -5/Warlord | Learned 4 Quarantine zone layouts 4496 | -5/Warlord | Learned 4 Command zone layouts 4496 | -5/Warlord | Learned 4 Armory zone layouts 4498 | -5/Warlord | Learned Quarantine security intel 4498 | -5/Warlord | Learned Research recycling unit intel 4641 | -5/Warlord | Rebuked by Warlord 4656 | -5/Warlord | Found Prototype Special Weapon 4656 | -5/Warlord | Identified RU-N14's Throwing Claymores v3 4660 | -5/Warlord | Found RU-N14's Throwing Claymores v3 4734 | -5/Warlord | Warlord forces counterattacked 4843 | -5/Warlord | Destroyed Executioner 4878 | -5/Warlord | Spotted Striker 4884 | -5/Warlord | Destroyed 11 combat bots 4890 | -5/Warlord | Identified Vortex Cannon (x2) 4903 | -5/Warlord | Spotted Executioner 4908 | -5/Warlord | Lost 10 allies 4910 | -5/Warlord | Destroyed Striker 4926 | -5/Warlord | Destroyed Executioner 4946 | -5/Warlord | Lost 5 parts (1n4u) 4949 | -5/Warlord | Identified Core Expander 4949 | -5/Warlord | Installed Core Expander, added new Utility slot 4959 | -5/Warlord | Identified Vortex Rifle (x2) 4961 | -5/Warlord | Crushed by falling debris 4993 | -5/Warlord | Lost 7 parts (3n2u2w) 5048 | -5/Warlord | Spotted Executioner 5056 | -5/Warlord | Core integrity fell below 50% 5059 | -5/Warlord | Warlord base infiltrated, sounded retreat 5077 | -5/Warlord | Spotted Striker 5079 | -5/Warlord | Core integrity fell below 20% 5080 | -5/Warlord | System corruption reached 10% 5110 | -5/Warlord | Lost 8 parts (1p1n3u3w) 5128 | -5/Warlord | Found RU-N14's Throwing Claymores v3 5130 | -5/Warlord | Found RU-N14's Throwing Claymores v3 5134 | -5/Warlord | Found RU-N14's Throwing Claymores v3 5135 | -5/Warlord | Found RU-N14's Throwing Claymores v3 5185 | -5/Warlord | Found Prototype Processor 5194 | -5/Warlord | Found Prototype Processor 5194 | -5/Warlord | Identified Exp. Targeting Computer 5209 | -5/Warlord | Found Prototype Device 5209 | -5/Warlord | Identified Exp. Focal Shield 5215 | -5/Warlord | Identified Exp. Target Analyzer 5217 | -5/Warlord | Found Prototype Reactor 5367 | -5/Warlord | Lost 4 allies 5420 | -5/Warlord | Spotted Striker 5420 | -5/Warlord | Spotted Striker 5432 | -5/Warlord | Destroyed Striker 5446 | -5/Warlord | Destroyed by P-70 Sage with High-powered Shock Rifle Last Messages --------------- 05420_ Mak. Weapon Shielding destroyed. 05424_ P-70 Sage resets P-80 Master, system corruption cleaned. 05424_ RU-N14's Throwing Claymores v3 expended. 05424_ Destroyed Adv. Heat Sink. 05425_ System corrupted: Heat flow error (+167). 05427_ Door malfunctions. 05429_ P-80 Master destroyed. 05429_ Destroyed Lgt. Angular Momentum Engine. 05429_ G-50 Soldier destroyed. 05429_ P-70 Sage destroyed. 05429_ G-50 Soldier destroyed. 05430_ Knocked back. 05432_ RU-N14's Throwing Claymores v3 expended. 05432_ Striker destroyed. 05432_ Destroyed Hvy. Laser. 05432_ Critical hit (Burn: +50). 05436_ Mak. Ablative Armor destroyed. 05440_ System corrupted: Matter fused (-9). 05441_ Acquired 74 matter. Map ----- +----------------------------------------------------+ | | | | | | | | | | | ???????????????????????##############????????????? | | ###################????# #????????????? | | ############ #????# #####????????? | | ############ ####?# #????????? | | ############ ## ### !% ##???#???? | | ####] #### + !!= # #???? | | #### ]! #### && # # |#%#### #???? | | #### * ]#### & # # * % ## #???? | | #### #### # # % ### # #???? | | #### #### # # *! #?#### #???? | | ##### ###### + +##+##????# #???? | | #####+############# # #????# #???? | | + ###### # # #?????##???? | | + ###### # !%[ # #??????????? | | + ###### "" # + #??????????? | | #### ###### "" # #??????????? | | ### ###### """ ## # #??????????? | | #### # """ # # #??????????? | | ### ^ + "" ### # #??????????? | | #### ^ # "" *## # # #??????????? | | #### # %/[= * @ ##"/######??????????? | | # ^ # =#### ; ####??????????? | | + ^ # #??# K ! ####??????????? | | # + #??# = = ####??????????? | | # #######??#### !p[ %% ####??????????? | | ######+########??????##;;;; % ####?#""####??? | | ## ######???????###### % #####?#""####### | | ## ######??????###### #######""####### | | ##### ####???????? #### #######""####### | | ##### ####???????? ### ######""####### | | ##### ^ #### ### "####""## # | | + #### ## " "" | | ##### ########### ## ]%! "" = | | ##### #############+# =*%! "" | | ############# = | | # [ | | ####### %* ! | | ^ ####### % | | ##############+####### # " [ = | | # ############# #### # "" = | | ## ############## " ## " # | | ## ############## ## ![ ! ""# | | ## #####?????#### # "%*! ## ""#### | | ## #####?????#### #%[*! %![ "###""####### | | ## ####??????#### !%!!] !! ####""####### | +----------------------------------------------------+ Best States ------------- Heat Dissipation 59 Energy Generation 21 Energy Capacity 700 Matter Stores 300 Matter Capacity 300 Sight Range 16 Terrain Scan Density 1010 Armor Coverage 750 Resistance: KI 30 Resistance: EM 15 Weapon Shielding 15 Evasion (%) 55 Targeting Accuracy 12 Target Analysis 10 Core Analysis 9 Recoil Reduction 2 Particle Charging 15 Offensive Hacking 11 Item Schematics ----------------- None Robot Schematics ------------------ None Fabricated ------------ Nothing Repaired ---------- Nothing Studied --------- None Alien Tech Used ----------------- Dimensional Node Initializer Core Expander Achievements -------------- Bob, First Of His Name Civilization 2243 Fancy Inventory Into The Breach Link The Feds Nice Directions, Buddy Plot Armor Protector That Tickles Uncivil War Challenges ------------ None Game ------ Seed LinkedShrapnelUnit Manual? 0 Play Time 00:56:55 Cumulative 113.0 hours Start 2025.10.23 @ 09:50:57 End 2025.10.23 @ 15:50:37 Sessions 1 Manual Loads 0 Difficulty Rogue Special Mode None Game No. 136 Rogue 136 Adventurer 0 Explorer 0 Win Type - Total 2 Types 2/0/0/0/0/0/0/0/0/0 Lore% 69 Gallery% 60 Achievement% 37 Wizard Run 0 Options --------- Layout 1 ASCII 0 Keyboard 0 Movement Mouse Keybinds 0 Fullscreen 1 Font 32/SmallcapsGlow Map View 50x35 Zoom Use 0% Tactical HUD 1 Map Filters NONE Filters NONE Steam 1 RUN: 72d114ab-69f0-45a1-a7ce-81536e724128